 Dungeon Crawl Stone Soup version 0.18.1-5-g4a78601 (webtiles) character file.

131 Zhenya25pyc the Covered (level 5, -10/33 HPs)
             Began as a Gargoyle Fighter on May 14, 2016.
             Was an Initiate of Okawaru.
             Mangled by Zhenya25pyc's ghost (11 damage)
             ... on level 3 of the Dungeon.
             The game lasted 00:02:44 (1693 turns).

Zhenya25pyc the Covered (Gargoyle Fighter)          Turns: 1693, Time: 00:02:45

Health: -10/33     AC: 11    Str: 21    XL:     5   Next: 14%
Magic:  5/5        EV:  7    Int:  8    God:    Okawaru [......]
Gold:   127        SH:  9    Dex:  9    Spells: 0 memorised, 4 levels left

rFire  . . .     SeeInvis .     a - +0 flail
rCold  . . .     Gourm    .     b - +0 scale mail
rNeg   + . .     Faith    .     c - +0 shield
rPois  ∞         Spirit   .     (no helmet)
rElec  +         Dismiss  .     (no cloak)
rCorr  .         Reflect  .     (no gloves)
SustAt .         Harm     .     (no boots)
MR     .....                    (no amulet)
Stlth  ..........               (no ring)
                                (no ring)

@: not resistant to hostile enchantments, extremely unstealthy
A: negative energy resistance 1, electricity resistance, unbreathing,
petrification resistance, rot immunity, AC +4
a: Renounce Religion


You were on level 3 of the Dungeon.
You worshipped Okawaru.
Okawaru was noncommittal.
You were not hungry.

You visited 1 branch of the dungeon, and saw 3 of its levels.

You collected 127 gold pieces.

Inventory:

Hand Weapons
 a - a +0 flail (weapon)
Armour
 b - a +0 scale mail (worn)
 c - a +0 shield (worn)
Jewellery
 s - an uncursed amulet of rage {unknown}
Wands
 w - a wand of paralysis (14/24)
Scrolls
 g - 2 scrolls of identify {unknown}
 h - 2 scrolls of remove curse {unknown}
 j - a scroll of immolation {unknown}
 l - 3 scrolls of teleportation {unknown}
 p - a scroll of enchant armour {unknown}
 t - a scroll of random uselessness {unknown}
Potions
 d - a potion of might
 e - a potion of cancellation {unknown}
 i - a potion of lignification {unknown}
 o - a potion of curing {unknown}
 q - a potion of berserk rage {unknown}
 r - a potion of haste {unknown}
 x - a potion of resistance {unknown}
Comestibles
 f - 3 bread rations
 k - 3 fruits
 m - a beef jerky
 n - 2 meat rations
 u - a chunk of flesh
 v - a royal jelly


   Skills:
 + Level 4.1 Fighting
 * Level 3.4 Maces & Flails
 + Level 4.1 Armour
 + Level 4.1 Shields


You had 4 spell levels left.
You didn't know any spells.

Dungeon Overview and Level Annotations

Branches:
Dungeon (3/15)

Altars:
Cheibriados
Fedhas
Okawaru
Trog

Annotations:
D:3 Zhenya25pyc's ghost, amateur GrFi


Innate Abilities, Weirdness & Mutations

You are resistant to torment.
Your stone body is resilient (AC +4).
You are immune to poison.
You resist negative energy.
You are resistant to electric shocks.
You can survive without breathing.
You are immune to petrification.
You are immune to rotting.


Message History

You are too injured to fight recklessly!
You are too injured to fight recklessly!
You are too injured to fight recklessly!
You are too injured to fight recklessly!
You are too injured to fight recklessly!
You are too injured to fight recklessly!
You are too injured to fight recklessly!
You are too injured to fight recklessly!
You are too injured to fight recklessly!
You sock Zhenya25pyc's ghost!
Zhenya25pyc's ghost is heavily damaged.
Zhenya25pyc's ghost hits you.
* * * LOW HITPOINT WARNING * * *
You hit Zhenya25pyc's ghost.
Zhenya25pyc's ghost is heavily damaged.
You block Zhenya25pyc's ghost's attack.
You hit Zhenya25pyc's ghost but do no damage.
Zhenya25pyc's ghost is heavily damaged.
You block Zhenya25pyc's ghost's attack. Zhenya25pyc's ghost hits you!
You die...

#.. ######### ###..
#.......# ####....
#.......# #....#..
#######.......###.##....
..............#...##....
#.......##.###..#.....†.
#.......##...........###
#......@##.......###...#
.......W##......###.....
#.......#...#...##......
##.........##...##......
#......<.>.##....#......
.....!..................
#..........######.....†.
........... #.......
...... #....†..


You could see Zhenya25pyc's ghost.

Vanquished Creatures
  Terence (D:2)
  3 adders
  2 oozes
  A worm (D:2)
  4 dart slugs
  2 ball pythons
  9 bats
  5 giant cockroaches
  9 goblins
  3 hobgoblins (D:1)
  3 jackals
  4 giant newts
  4 kobolds
  10 rats
60 creatures vanquished.

Notes
Turn   | Place    | Note
--------------------------------------------------------------
     0 | D:1      | Zhenya25pyc the Gargoyle Fighter began the quest for the Orb.
     0 | D:1      | Reached XP level 1. HP: 14/14 MP: 1/1
    95 | D:1      | Reached XP level 2. HP: 13/19 MP: 2/2
   620 | D:1      | Reached XP level 3. HP: 20/23 MP: 3/3
  1019 | D:2      | Noticed Terence
  1033 | D:2      | Killed Terence
  1033 | D:2      | Reached XP level 4. HP: 24/29 MP: 4/4
  1174 | D:2      | Found an iron altar of Okawaru.
  1278 | D:2      | Found a snail-covered altar of Cheibriados.
  1278 | D:2      | Found a blossoming altar of Fedhas.
  1288 | D:2      | Became a worshipper of Warmaster Okawaru
  1338 | D:2      | Found a bloodstained altar of Trog.
  1613 | D:3      | Reached XP level 5. HP: 33/33 MP: 5/5
  1675 | D:3      | Noticed Zhenya25pyc's ghost (amateur GrFi)
  1691 | D:3      | HP: 1/33 [Zhenya25pyc's ghost (5)]
  1693 | D:3      | Mangled by Zhenya25pyc's ghost

Skill      XL: |  1  2  3  4 |
---------------+-------------+-----
Maces & Flails | 3 |  3.4
Fighting       | 4 |  4.1
Armour         | 4 |  4.1
Shields        | 4 |  4.1

Action                   |  1- 3 |  4- 6 || total
-------------------------+-------+-------++-------
Melee: Flail             |   121 |   140 ||   261
  Eat: Chunk             |     1 |     2 ||     3
Armor: Scale mail        |    73 |    86 ||   159
Dodge: Dodged            |    43 |    50 ||    93
Block: Shield            |    67 |    90 ||   157
